AoeStats
← xlxl

Migration

510274070Analyzed
1v1 RM · 1d ago on Sep 30, 2026· 35m 43s· 2 players
Game mode
Random Map
Map size
132×132
Population
200
Speed
Normal
Resources
Standard
Victory
Conquest
Starting age
Dark Age
Ending age
Imperial Age
RankedLock teamsTeams togetherTeam positionsShared explorationLock speedFull tech treeHidden civsTurbo modeCheats
Victory
Defeat
🇬🇧 Spanish · United Kingdom
629
+14
🇳🇱 Chinese · Netherlands
576
-14
NimmaSjors
7:15 Loom
10:59 Feudal Age
12:04 Double-Bit Axe
12:37 Fishing Lines
21:39 Castle Age
20:06 Gold Mining
23:30 Bow Saw
23:20 Gillnets
24:10 Thumb Ring
25:38 Crossbowman
27:06 Forging
26:57 Scale Mail Armor
26:23 Man-at-Arms
30:58 Stone Mining
31:45 Gold Shaft Mining
31:53 Gold Shaft Mining
31:02 Long Swordsman
32:14 Ballistics
32:09 Padded Archer Armor
32:00 Fletching
35:39 Imperial Age
xlxl
8:06 Loom
8:30 Loom
11:20 Feudal Age
17:09 Castle Age
16:16 Double-Bit Axe
29:06 Fletching
30:30 Bodkin Arrow
33:16 Murder Holes
Connection lost

Rejoining the realm…

Still unreachable

The connection could not be restored.

Session expired

The server has moved on; the page needs a fresh start.